 Dungeon Crawl Stone Soup version 0.20-a0-1126-g0f15420 (webtiles) character file.

70 HAL9000 the Chucker (level 4, -3/48 HPs)
             Began as an Ogre Hunter on May 17, 2017.
             Slain by Crazy Yiuf
             ... wielding a +3 quarterstaff of chaos
              (4 damage)
             ... on level 2 of the Dungeon.
             The game lasted 00:03:43 (1857 turns).

HAL9000 the Chucker (Ogre Hunter)                   Turns: 1857, Time: 00:03:44

Health: -3/48      AC:  3    Str: 17    XL:     4   Next: 21%
Magic:  4/4        EV: 10    Int: 12    God:
Gold:   136        SH:  0    Dex:  9    Spells: 3/3 levels left

rFire    . . .     SeeInvis .   y - +0 flail
rCold    . . .     Gourm    .   (no shield)
rNeg     . . .     Faith    .   b - +0 robe
rPois    +         Spirit   .   (helmet restricted)
rElec    .         Reflect  .   (no cloak)
rCorr    .         Harm     .   (gloves unavailable)
MR       .....     Rnd*Rage +   (boots unavailable)
Stlth    +.........             (no amulet)
Regen    0.6/turn               t - ring of poison resistance
MPRegen  0.1/turn               (no ring)

@: lethally poisoned (-3 -> -4)
A: unfitting armour, berserk 1, deterioration 2, regeneration 1, tough skin 1
a: no special abilities


You were on level 2 of the Dungeon.
You were very hungry.

You visited 1 branch of the dungeon, and saw 2 of its levels.

You collected 136 gold pieces.

Inventory:

Hand Weapons
 y - a +0 flail (weapon)
Missiles
 c - 2 large rocks (quivered)
 d - 2 throwing nets
 v - 7 javelins
Armour
 b - a +0 robe (worn)
Jewellery
 t - a ring of poison resistance (left hand)
Scrolls
 g - 3 scrolls of teleportation {unknown}
 l - a scroll of identify {unknown}
 q - a scroll of immolation {unknown}
 w - a scroll of blinking {unknown}
 x - a scroll of enchant armour {unknown}
Potions
 h - a potion of flight
 j - a potion of brilliance {unknown}
 m - a potion of curing {unknown}
 n - a potion of ambrosia {unknown}
 o - a potion of mutation
 s - a potion of heal wounds {unknown}
Comestibles
 f - 2 bread rations
 p - a meat ration
 r - a royal jelly


   Skills:
 - Level 3.8 Fighting
 + Level 2.7 Maces & Flails
 - Level 4.0 Throwing
 - Level 1.7 Dodging
 - Level 0.6 Stealth


You had 3 spell levels left.
You didn't know any spells.

Dungeon Overview and Level Annotations

Branches:
Dungeon (2/15)

Altars:
Ashenzari
The Shining One

Annotations:
D:2 Crazy Yiuf


Innate Abilities, Weirdness & Mutations

You are too large for most types of armour.
You have tough skin. (AC +1)
You tend to lose your temper in combat.
Your body often deteriorates upon taking damage.
Your natural rate of healing is unusually fast.


Message History

Crazy Yiuf freezes you.
Unknown command.
You barely miss Crazy Yiuf.
Crazy Yiuf is almost dead.
You feel sick.
Crazy Yiuf whimpers, "Spliff aubergine infinity!"
Crazy Yiuf completely misses you.
You barely miss Crazy Yiuf.
Crazy Yiuf is almost dead.
You feel sick. Crazy Yiuf closely misses you.
Crazy Yiuf hits you with a quarterstaff of chaos!
* * * LOW HITPOINT WARNING * * *
Unknown command.
It was a potion of mutation.
You feel extremely strange.
You feel yourself wasting away.
You feel your body start to fall apart.
You feel a little pissed off.
You begin to heal more quickly.
* * * LOW HITPOINT WARNING * * *
You feel sick.
Crazy Yiuf hits you with a quarterstaff of chaos.
You die...

.#.# ###
#####....#
##.## #..
.#.# ##..##
#...# #..
##.# #PPP.#
#...# #..
#.# ##.P.#
#...######.
... ##.##
##..÷##.....
#.. ##.#
#......†.##.
#.##
#...........
##.#
#.......)#..
#@##
##...##.##..
#g#
##...##<....
.(.
#....#####.#
#...# ##...#
#.# #)(.#
##..# #.#
##### #...#
#.# ##.#.#
#..
#####....#
###
#.#......##


You could see Crazy Yiuf.

Vanquished Creatures
  Terence (D:2)
  2 oozes (D:2)
  3 leopard geckos
  3 bats (D:1)
  3 goblins (D:1)
  2 hobgoblins
  6 jackals (D:2)
  5 kobolds
  3 frilled lizards
  4 rats
32 creatures vanquished.

Notes
Turn   | Place    | Note
-------+----------+-------------------------------------------
     0 | D:1      | HAL9000 the Ogre Hunter began the quest for the Orb.
     0 | D:1      | Reached XP level 1. HP: 22/22 MP: 1/1
   186 | D:1      | Reached XP level 2. HP: 31/31 MP: 2/2
   765 | D:1      | Reached skill level 1 in Maces & Flails
  1009 | D:2      | Reached XP level 3. HP: 35/39 MP: 3/3
  1211 | D:2      | Found a shattered altar of Ashenzari.
  1743 | D:2      | Found a glowing golden altar of the Shining One.
  1782 | D:2      | Found a runed door.
  1805 | D:2      | Noticed Terence
  1807 | D:2      | Killed Terence
  1807 | D:2      | Reached XP level 4. HP: 48/48 MP: 4/4
  1849 | D:2      | Noticed Crazy Yiuf
  1856 | D:2      | HP: 1/48 [Crazy Yiuf/quarterstaff of chaos (15)]
  1857 | D:2      | Gained mutation: Your body sometimes deteriorates upon taking damage. [potion of mutation]
  1857 | D:2      | Gained mutation: Your body often deteriorates upon taking damage. [potion of mutation]
  1857 | D:2      | Gained mutation: You tend to lose your temper in combat. [potion of mutation]
  1857 | D:2      | Gained mutation: Your natural rate of healing is unusually fast. [potion of mutation]
  1857 | D:2      | Slain by Crazy Yiuf

Vault maps used:
D:1:      zelgadis_glass_arrival_large
D:2:      ashenzari_altar_1, tso_altar, first_bread, uniq_terence,
          uniq_crazy_yiuf_cottage

Skill      XL: |  1  2  3 |
---------------+----------+-----
Fighting       | 3 |  3.8
Maces & Flails | 1 2 |  2.7
Throwing       | |  4.0
Dodging        | |  1.7
Stealth        | |  0.6

Action                   |  1- 3 |  4- 6 || total
-------------------------+-------+-------++-------
Melee: Short sword       |   136 |       ||   136
       Flail             |       |     5 ||     5
Throw: Large rock        |     2 |     2 ||     4
  Use: Potion            |     1 |     1 ||     2
  Eat: Chunk             |     2 |       ||     2
Armor: Robe              |    51 |       ||    51
Dodge: Dodged            |   108 |     3 ||   111
